TOP OF THE 1ST |
Athletic Club KC Academy batting - Pitching for Richland Rails : RHP Jim Unknown
|
Pitching: RHP Jim Unknown
|
|
Batting: SHB António Montés
|
0-0: Ball 1-0: Swinging Strike 1-1: Ball 2-1: Ball 3-1: Fly out, F8 (Flyball, 8LS)
|
Batting: SHB Pedro Vázquez
|
0-0: Called Strike 0-1: Called Strike 0-2: Strikes out swinging
|
Batting: RHB Dave Robertson
|
0-0: Swinging Strike 0-1: Called Strike 0-2: Ground out 6-3 (Groundball, 6)
|
Top of the 1st over - 0 run(s), 0 hit(s), 0 error(s), 0 left on base; Athletic Club KC Academy 0 - Richland 0 |
BOTTOM OF THE 1ST |
Richland Rails batting - Pitching for Athletic Club KC Academy : LHP Tomás Torres
|
Pitching: LHP Tomás Torres
|
|
Batting: RHB Trent Burch
|
0-0: Called Strike 0-1: Ball 1-1: SINGLE (Groundball, 4MD)
|
Batting: SHB Felipe Cisneros
|
0-0: Foul Ball, location: 2F 0-1: Foul Ball, location: 2F 0-2: Ball 1-2: Ball 2-2: Ball 3-2: Grounds into double play, 6-4-3 (Groundball, 6)
|
Batting: RHB Tony Justice
|
0-0: Ground out 6-3 (Groundball, 6)
|
Bottom of the 1st over - 0 run(s), 1 hit(s), 0 error(s), 0 left on base; Athletic Club KC Academy 0 - Richland 0 |
TOP OF THE 2ND |
Athletic Club KC Academy batting - Pitching for Richland Rails : RHP Jim Unknown
|
Batting: RHB Allen Williams
|
0-0: Ball 1-0: Ground out 4-3 (Groundball, 4M)
|
Batting: RHB Michael Walker
|
0-0: Swinging Strike 0-1: Swinging Strike 0-2: Strikes out looking
|
Batting: RHB Manuel Canó
|
0-0: Ball 1-0: Called Strike 1-1: Ball 2-1: Foul Ball, location: 2F 2-2: Strikes out swinging
|
Top of the 2nd over - 0 run(s), 0 hit(s), 0 error(s), 0 left on base; Athletic Club KC Academy 0 - Richland 0 |
BOTTOM OF THE 2ND |
Richland Rails batting - Pitching for Athletic Club KC Academy : LHP Tomás Torres
|
Batting: RHB Brent Ryan
|
0-0: Foul Ball, location: 2F 0-1: Ball 1-1: Swinging Strike 1-2: Fly out, F8 (Flyball, 8RM)
|
Batting: RHB Gustavo Berrios
|
0-0: Foul Ball, location: 2F 0-1: Foul Ball, location: 2F 0-2: Strikes out swinging
|
Batting: RHB Andrew Hall
|
0-0: Ball 1-0: DOUBLE (Flyball, 78XD)
|
Batting: SHB Jasper Otto
|
0-0: Called Strike 0-1: Foul Ball, location: 2F 0-2: Ball 1-2: Ball 2-2: Ground out 4-3 (Groundball, 4)
|
Bottom of the 2nd over - 0 run(s), 1 hit(s), 0 error(s), 1 left on base; Athletic Club KC Academy 0 - Richland 0 |
TOP OF THE 3RD |
Athletic Club KC Academy batting - Pitching for Richland Rails : RHP Jim Unknown
|
Batting: RHB Larry Johnston
|
0-0: Called Strike 0-1: Foul Ball, location: 2F 0-2: Ball 1-2: Ground out 4-3 (Groundball, 4)
|
Batting: RHB Bob Curry
|
0-0: Ball 1-0: Ball 2-0: Swinging Strike 2-1: Ball 3-1: Foul Ball, location: 2F 3-2: Foul Ball, location: 2F 3-2: Foul Ball, location: 2F 3-2: Foul Ball, location: 2F 3-2: SINGLE (Line Drive, 8RS)
|
Batting: RHB William Williams
|
Pickoff Throw to First - Error! E1 Bob Curry to second 0-0: Ball 1-0: Called Strike 1-1: Ball 2-1: Foul Ball, location: 2F 2-2: Strikes out swinging
|
Batting: SHB António Montés
|
0-0: Ball 1-0: SINGLE (Flyball, 8LS) Bob Curry to third Runner from 3rd tries for Home, SAFE, no throw or cutoff
|
Batting: SHB Pedro Vázquez
|
0-0: Ball 1-0: Called Strike 1-1: Ball 2-1: Ball 3-1: Fly out, F8 (Flyball, 8LM)
|
Top of the 3rd over - 1 run(s), 2 hit(s), 1 error(s), 1 left on base; Athletic Club KC Academy 1 - Richland 0 |
BOTTOM OF THE 3RD |
Richland Rails batting - Pitching for Athletic Club KC Academy : LHP Tomás Torres
|
Batting: RHB Kazu Hishida
|
0-0: Ball 1-0: Ball 2-0: Called Strike 2-1: Ball 3-1: Swinging Strike 3-2: Base on Balls
|
Batting: RHB Júlio Hernández
|
0-0: Swinging Strike 0-1: Swinging Strike 0-2: Ball 1-2: Foul Ball, location: 2F 1-2: Foul Ball, location: 2F 1-2: Fly out, F6 (Popup, 5)
|
Batting: RHB Trent Burch
|
0-0: Ball 1-0: Called Strike 1-1: Foul Ball, location: 2F 1-2: Foul Ball, location: 2F 1-2: Ball 2-2: Foul Ball, location: 2F 2-2: Strikes out swinging
|
Batting: SHB Felipe Cisneros
|
0-0: SINGLE (Groundball, 6MD) Kazu Hishida to second
|
Batting: RHB Tony Justice
|
0-0: Ball 1-0: Ball 2-0: Ball 3-0: Base on Balls Kazu Hishida to third Felipe Cisneros to second
|
Batting: RHB Brent Ryan
|
0-0: Called Strike 0-1: Called Strike 0-2: Ball 1-2: Foul Ball, location: 2F 1-2: Ball 2-2: Ball 3-2: Foul Ball, location: 2F 3-2: Base on Balls Kazu Hishida scores Felipe Cisneros to third Tony Justice to second
|
Batting: RHB Gustavo Berrios
|
0-0: Ball 1-0: Ball 2-0: Fly out, F7 (Line Drive, 7LM)
|
Bottom of the 3rd over - 1 run(s), 1 hit(s), 0 error(s), 3 left on base; Athletic Club KC Academy 1 - Richland 1 |
TOP OF THE 4TH |
Athletic Club KC Academy batting - Pitching for Richland Rails : RHP Jim Unknown
|
Batting: RHB Dave Robertson
|
0-0: Called Strike 0-1: Foul Ball, location: 2F 0-2: Ground out 5-3 (Groundball, 5S)
|
Batting: RHB Allen Williams
|
0-0: Ball 1-0: DOUBLE (Line Drive, 5D)
|
Batting: RHB Michael Walker
|
0-0: SINGLE (Groundball, 6MD) Allen Williams to third Runner from 3rd tries for Home, SAFE, throw made home Michael Walker to second
|
Batting: RHB Manuel Canó
|
0-0: Ground out 6-3 (Groundball, 56)
|
Batting: RHB Larry Johnston
|
0-0: Ball 1-0: DOUBLE (Flyball, 8LM) Michael Walker scores
|
Batting: RHB Bob Curry
|
0-0: Ball 1-0: Ball 2-0: Called Strike 2-1: Swinging Strike 2-2: SINGLE (Line Drive, 6MD) Larry Johnston to third Runner from 3rd tries for Home, SAFE, no throw or cutoff
|
Batting: RHB William Williams
|
0-0: Ball 1-0: Foul Ball, location: 2F 1-1: Ball 2-1: Called Strike 2-2: Fly out, F7 (Flyball, 7M)
|
Top of the 4th over - 3 run(s), 4 hit(s), 0 error(s), 1 left on base; Athletic Club KC Academy 4 - Richland 1 |
BOTTOM OF THE 4TH |
Richland Rails batting - Pitching for Athletic Club KC Academy : LHP Tomás Torres
|
Batting: RHB Andrew Hall
|
0-0: Called Strike 0-1: Ground out 5-3 (Groundball, 56S)
|
Batting: SHB Jasper Otto
|
0-0: Ball 1-0: Fly out, F5 (Line Drive, 5L)
|
Batting: RHB Kazu Hishida
|
0-0: Foul Ball, location: 2F 0-1: SINGLE (Line Drive, 7S)
|
Batting: RHB Júlio Hernández
|
0-0: Swinging Strike 0-1: Ground out 5-3 (Groundball, 56)
|
Bottom of the 4th over - 0 run(s), 1 hit(s), 0 error(s), 1 left on base; Athletic Club KC Academy 4 - Richland 1 |
TOP OF THE 5TH |
Athletic Club KC Academy batting - Pitching for Richland Rails : RHP Jim Unknown
|
Batting: SHB António Montés
|
0-0: Ball 1-0: Ball 2-0: Ball 3-0: Called Strike 3-1: Base on Balls
|
Batting: SHB Pedro Vázquez
|
0-0: Ball 1-0: Bunted foul 1-1: Sac Bunt - play at first, batter OUT! 1-4 António Montés to second
|
Batting: RHB Dave Robertson
|
0-0: Called Strike 0-1: Ball 1-1: Ground out 5-3 (Groundball, 5S) António Montés to third
|
Batting: RHB Allen Williams
|
0-0: Foul Ball, location: 2F 0-1: SINGLE (Groundball, 4M) António Montés scores
|
Batting: RHB Michael Walker
|
0-0: Ball 1-0: Fly out, F9 (Flyball, 89M)
|
Top of the 5th over - 1 run(s), 1 hit(s), 0 error(s), 1 left on base; Athletic Club KC Academy 5 - Richland 1 |
BOTTOM OF THE 5TH |
Richland Rails batting - Pitching for Athletic Club KC Academy : LHP Tomás Torres
|
Batting: RHB Trent Burch
|
0-0: Ball 1-0: Swinging Strike 1-1: Ground out 5-3 (Groundball, 5)
|
Batting: SHB Felipe Cisneros
|
0-0: Foul Ball, location: 2F 0-1: Ball 1-1: Ball 2-1: Foul Ball, location: 2F 2-2: Ground out 6-3 (Groundball, 56D)
|
Batting: RHB Tony Justice
|
0-0: Ball 1-0: Ball 2-0: Foul Ball, location: 2F 2-1: Foul Ball, location: 2F 2-2: Ball 3-2: Fly out, F7 (Flyball, 7M)
|
Bottom of the 5th over - 0 run(s), 0 hit(s), 0 error(s), 0 left on base; Athletic Club KC Academy 5 - Richland 1 |
TOP OF THE 6TH |
Athletic Club KC Academy batting - Pitching for Richland Rails : RHP Jim Unknown
|
Batting: RHB Manuel Canó
|
0-0: Ball 1-0: Swinging Strike 1-1: Foul Ball, location: 2F 1-2: Strikes out looking
|
Batting: RHB Larry Johnston
|
0-0: Foul Ball, location: 2F 0-1: Ball 1-1: Called Strike 1-2: Strikes out looking
|
Batting: RHB Bob Curry
|
0-0: Ball 1-0: Foul Ball, location: 2F 1-1: Fly out, F8 (Flyball, 8RM)
|
Top of the 6th over - 0 run(s), 0 hit(s), 0 error(s), 0 left on base; Athletic Club KC Academy 5 - Richland 1 |
BOTTOM OF THE 6TH |
Richland Rails batting - Pitching for Athletic Club KC Academy : LHP Tomás Torres
|
Batting: RHB Brent Ryan
|
0-0: Foul Ball, location: 2F 0-1: Ball 1-1: Foul Ball, location: 2F 1-2: Strikes out swinging
|
Batting: RHB Gustavo Berrios
|
0-0: Fly out, F6 (Popup, 6M)
|
Batting: RHB Andrew Hall
|
0-0: Foul Ball, location: 2F 0-1: Foul Ball, location: 2F 0-2: Ball 1-2: Ball 2-2: Ball 3-2: Base on Balls
|
Batting: SHB Jasper Otto
|
0-0: Ball 1-0: Foul Ball, location: 2F 1-1: Called Strike 1-2: Foul Ball, location: 2F 1-2: Ball 2-2: Ground out 4-3 (Groundball, 4)
|
Bottom of the 6th over - 0 run(s), 0 hit(s), 0 error(s), 1 left on base; Athletic Club KC Academy 5 - Richland 1 |
TOP OF THE 7TH |
Athletic Club KC Academy batting - Pitching for Richland Rails : RHP Jim Unknown
|
Batting: RHB William Williams
|
0-0: Ball 1-0: Called Strike 1-1: Swinging Strike 1-2: Ball 2-2: Strikes out swinging
|
Batting: SHB António Montés
|
0-0: Ball 1-0: Ball 2-0: Fly out, F9 (Flyball, 9D)
|
Batting: SHB Pedro Vázquez
|
0-0: Foul Ball, location: 2F 0-1: Swinging Strike 0-2: Strikes out swinging
|
Top of the 7th over - 0 run(s), 0 hit(s), 0 error(s), 0 left on base; Athletic Club KC Academy 5 - Richland 1 |
BOTTOM OF THE 7TH |
Richland Rails batting - Pitching for Athletic Club KC Academy : LHP Tomás Torres
|
Batting: RHB Kazu Hishida
|
0-0: Ball 1-0: Ball 2-0: Ball 3-0: Called Strike 3-1: Called Strike 3-2: Ground out 3-1 (Groundball, 34S)
|
Batting: RHB Júlio Hernández
|
0-0: Ball 1-0: Swinging Strike 1-1: Ball 2-1: Ball 3-1: Called Strike 3-2: SINGLE (Line Drive, 7M)
|
Batting: RHB Trent Burch
|
0-0: Ball 1-0: Swinging Strike 1-1: Ball 2-1: Ball 3-1: Base on Balls Júlio Hernández to second
|
Batting: SHB Felipe Cisneros
|
0-0: Ball 1-0: Ball 2-0: Ball 3-0: Base on Balls Júlio Hernández to third Trent Burch to second
|
Batting: RHB Tony Justice
|
0-0: Called Strike 0-1: Called Strike 0-2: Strikes out looking
|
Pitching: RHP Alfonso Álvarez
|
|
Batting: RHB Brent Ryan
|
0-0: Foul Ball, location: 2F 0-1: Ball 1-1: Ball 2-1: Ball 3-1: SINGLE (Line Drive, 8LS) Júlio Hernández scores Trent Burch to third Felipe Cisneros to second Runner from 3rd tries for Home, SAFE, no throw or cutoff
|
Batting: RHB Gustavo Berrios
|
0-0: Ball 1-0: Called Strike 1-1: Ball 2-1: Called Strike 2-2: Foul Ball, location: 2F 2-2: SINGLE (Groundball, 4MD) Felipe Cisneros to third Brent Ryan to second Runner from 3rd tries for Home, SAFE, throw made at trailing runner, SAFE at third!
|
Pinch Hitting: LHB Valentín Salas
|
0-0: Called Strike 0-1: Called Strike 0-2: Ball 1-2: Ball 2-2: Strikes out swinging
|
Bottom of the 7th over - 3 run(s), 3 hit(s), 0 error(s), 2 left on base; Athletic Club KC Academy 5 - Richland 4 |
TOP OF THE 8TH |
Athletic Club KC Academy batting - Pitching for Richland Rails : RHP Jim Unknown
|
Now at 3B: Valentín Salas
|
|
Batting: RHB Dave Robertson
|
0-0: Ball 1-0: Ball 2-0: Called Strike 2-1: SOLO HOME RUN (Flyball, 7D), Distance : 366 ft
|
Pitching: RHP Jim Unknown
|
|
Batting: RHB Allen Williams
|
0-0: Ball 1-0: Called Strike 1-1: SINGLE (Line Drive, 6D)
|
Batting: RHB Michael Walker
|
0-0: Fly out, F8 (Flyball, 8LM)
|
Batting: RHB Manuel Canó
|
0-0: Ball 1-0: Called Strike 1-1: Fielders Choice at 2nd, 2-4 (Groundball, 2R)
|
Batting: RHB Larry Johnston
|
0-0: Ball 1-0: Ball Manuel Canó steals 2nd base 2-0: Foul Ball, location: 2F 2-1: Called Strike 2-2: Ball 3-2: Strikes out swinging
|
Top of the 8th over - 1 run(s), 2 hit(s), 0 error(s), 1 left on base; Athletic Club KC Academy 6 - Richland 4 |
BOTTOM OF THE 8TH |
Richland Rails batting - Pitching for Athletic Club KC Academy : RHP Alfonso Álvarez
|
Now in LF: Mike Lovell
|
|
Now in RF: José Durán
|
|
Batting: SHB Jasper Otto
|
0-0: SINGLE (Groundball, 56D) (infield hit)
|
Batting: RHB Kazu Hishida
|
0-0: Ball 1-0: Ball 2-0: Fly out, F9 (Flyball, 89M)
|
Batting: RHB Júlio Hernández
|
0-0: Foul Ball, location: 2F 0-1: Foul Ball, location: 2F 0-2: Grounds into double play, 4-6-3 (Groundball, 4)
|
Bottom of the 8th over - 0 run(s), 1 hit(s), 0 error(s), 0 left on base; Athletic Club KC Academy 6 - Richland 4 |
TOP OF THE 9TH |
Athletic Club KC Academy batting - Pitching for Richland Rails : RHP Jim Unknown
|
Batting: RHB Bob Curry
|
0-0: Foul Ball, location: 2F 0-1: Foul Ball, location: 2F 0-2: Ball 1-2: Strikes out swinging passed ball, reaches first!
|
Batting: LHB José Durán
|
0-0: Called Strike 0-1: Sac Bunt - play at first, batter OUT! U3 Bob Curry to second
|
Batting: SHB António Montés
|
0-0: Called Strike 0-1: Ball Bob Curry steals 3rd base 1-1: Foul Ball, location: 2F 1-2: Ball 2-2: Foul Ball, location: 2F 2-2: Foul Ball, location: 2F 2-2: Ball 3-2: Strikes out swinging
|
Batting: SHB Pedro Vázquez
|
0-0: Called Strike 0-1: Ball 1-1: Called Strike 1-2: Foul Ball, location: 2F 1-2: Foul Ball, location: 2F 1-2: Foul Ball, location: 2F 1-2: Foul Ball, location: 2F 1-2: Foul Ball, location: 2F 1-2: Strikes out swinging
|
Top of the 9th over - 0 run(s), 0 hit(s), 0 error(s), 1 left on base; Athletic Club KC Academy 6 - Richland 4 |
BOTTOM OF THE 9TH |
Richland Rails batting - Pitching for Athletic Club KC Academy : RHP Alfonso Álvarez
|
Pitching: LHP António Silva
|
|
Batting: RHB Trent Burch
|
0-0: Foul Ball, location: 2F 0-1: Called Strike 0-2: Strikes out swinging
|
Batting: SHB Felipe Cisneros
|
0-0: Called Strike 0-1: Ground out 3-1 (Groundball, 34)
|
Batting: RHB Tony Justice
|
0-0: Called Strike 0-1: Ball 1-1: Fly out, F9 (Flyball, 9D)
|
Bottom of the 9th over - 0 run(s), 0 hit(s), 0 error(s), 0 left on base; Athletic Club KC Academy 6 - Richland 4 |
|